 Dungeon Crawl Stone Soup version 0.29-a0-251-g80730f7218 (webtiles) character file.

Game seed: 381173051870259376

2753 avis the Grappler (level 9, -3/85 HPs)
             Began as a Hill Orc Monk on Mar 6, 2022.
             Was a Believer of Beogh.
             Slain by an orc warrior
             ... wielding a +0 war axe
              (11 damage)
             ... in a bailey.
             The game lasted 00:58:38 (7881 turns).

avis the Grappler (Hill Orc Monk)                   Turns: 7881, Time: 00:58:39

Health: -3/85      AC:  8    Str: 12    XL:     9   Next: 68%
Magic:  9/9        EV: 12    Int: 14    God:    Beogh [**....]
Gold:   774        SH:  0    Dex: 11    Spells: 3/10 levels left

rFire   . . .      SeeInvis .     - Unarmed
rCold   . . .      Faith    .   (no shield)
rNeg    + . .      Spirit   .   G - +4 leather armour "Taiv" {*Slow rElec rN+ Regen+}
rPois   .          Reflect  .   (helmet restricted)
rElec   +          Harm     .   (no cloak)
rCorr   .          Rampage  .   (no gloves)
Will    .....                   j - +0 pair of boots
Stlth   +.........              (no amulet)
HPRegen 1.04/turn               (no ring)
MPRegen 0.11/turn               (no ring)

@: lethally poisoned (-3 -> -17), slowed, very slow
A: horns 1, talons 1, clumsy 1, low MP 1, weak 1
a: Renounce Religion, Smiting


You were in a bailey.
You worshipped Beogh.
Beogh was pleased with you.
You visited 2 branches of the dungeon, and saw 9 of its levels.
You also visited: Ossuary and Bailey.

You collected 774 gold pieces.

Inventory:

Hand Weapons
 b - a +0 hand crossbow
 k - a +2 vorpal spear
 t - a +0 shortbow
 x - a +0 vorpal flail
 A - a +2 short sword of speed
 H - a -2 glaive
 J - a +0 glaive
Missiles
 e - a throwing net
 f - 189 stones (quivered)
 g - 5 boomerangs
 o - 23 poisoned darts
 D - 2 curare-tipped darts
 F - 6 javelins
 I - 4 atropa-tipped darts
Armour
 j - a +0 pair of boots (worn)
 l - a +0 chain mail
 B - +0 acid dragon scales
 G - the +4 leather armour "Taiv" (worn) {*Slow rElec rN+ Regen+}
   (You found it on level 4 of the Dungeon)

   rElec:     It insulates you from electricity.
   rN:        It protects you from negative energy.
   Regen:     It increases your rate of health regeneration.
   *Slow:     It may slow you when you take damage.
Jewellery
 s - a ring of fire
Wands
 a - a wand of polymorph (3)
 u - a wand of iceblast (15)
 K - a wand of paralysis (5)
Scrolls
 h - 5 scrolls of teleportation
 m - 2 scrolls of fog
 r - a scroll of enchant weapon {unknown}
 v - a scroll of brand weapon {unknown}
 y - a scroll of fear
Potions
 c - 2 potions of mutation
 d - 3 potions of cancellation {unknown}
 i - 3 potions of curing
 n - a potion of haste {unknown}
 p - 2 potions of lignification {unknown}
 w - 3 potions of degeneration {unknown}
 z - a potion of resistance {unknown}
 C - 2 potions of might
 E - 2 potions of heal wounds
 L - a potion of magic {unknown}
 M - a potion of ambrosia {unknown}
 O - a potion of brilliance {unknown}


   Skills:
 - Level 10.0 Fighting
 - Level 3.0 Dodging
 - Level 1.5 Stealth
 * Level 10.1 Unarmed Combat
 - Level 1.0 Spellcasting
 - Level 4.0 Translocations


You had 3 spell levels left.
You knew the following spells:

 Your Spells              Type           Power      Damage    Failure   Level
b - Blink                 Tloc           22%        N/A       10%         2
M - Manifold Assault      Tloc           11%        N/A       87%         5

Your spell library contained the following spells:

 Spells                   Type           Power      Damage    Failure   Level
 Lesser Beckoning         Tloc           11%        N/A       19%         3
 Magic Dart               Conj           0%         1d3       32%         1
 Searing Ray              Conj           0%         2d4       45%         2
 Conjure Flame            Conj/Fire      0%         6-21      69%         3
 Ignite Poison            Fire/Tmut/Pois 0%         N/A       69%         3
 Fulminant Prism          Conj/Hex       0%         3d6       97%         4
 Sticky Flame             Conj/Fire      0%         2d3       97%         4


Dungeon Overview and Level Annotations

Branches:
Dungeon (9/15)             Temple (1/1) D:4         Ossuary (visited)
 Bailey (1/1)
   Lair: D:8-11         Orc: D:9-12

Altars:
Ashenzari
Cheibriados
Dithmenos
Elyvilon
Fedhas
Gozag
Hepliaklqana
Kikubaaqudgha
Makhleb
Nemelex Xobeh
Okawaru
Qazlal
Ru
Sif Muna
Trog
Uskayaw
Vehumet
Wu Jian
Xom
Yredelemnul
Zin
The Shining One

Annotations:
D:3 2 transporters, horus123's ghost, weakling DrIE


Innate Abilities, Weirdness & Mutations

You have a pair of small horns on your head.
You have sharp toenails.
You are clumsy. (Dex -2)
Your magical capacity is low. (-10% MP)
You are weak. (Str -2)


Message History

The orc warrior hits your orc warrior but does no damage.
The kobold brigand barely misses your orc warrior.
The kobold brigand hits your orc warrior with a +0 war axe!
The orc warrior hits your orc warrior with a +0 war axe.
You feel better.
The orc warrior hits you with a +0 war axe.
* * * LOW HITPOINT WARNING * * *
The orc warrior misses your orc warrior.
Your orc warrior hits the kobold brigand with a +0 broad axe! x2
Your orc warrior misses the orc warrior.
Your orc warrior barely misses the orc warrior.
The kobold brigand closely misses your orc warrior.
The kobold brigand misses your orc warrior.
The orc warrior hits your orc warrior with a +0 war axe!
The orc warrior hits you with a +0 war axe.
* * * LOW HITPOINT WARNING * * *
The orc warrior closely misses your orc warrior.
Okay, then.
Aiming: Charm
Press: ? - help, Shift-Dir - straight line, f - orc warrior, p - orc warrior
Aim: an orc warrior, wielding a +0 war axe and wearing a +0 scale mail (moderately wounded, chance to affect: 49%)
The orc warrior resists with some effort.
The now-empty wand crumbles to dust.
Your orc warrior barely misses the kobold brigand.
Your orc warrior misses the kobold brigand.
Your orc warrior hits the orc warrior with a +0 broad axe!
Your orc warrior hits the orc warrior with a +0 broad axe.
The kobold brigand hits your orc warrior with a +0 war axe!
Your orc warrior dies!
The kobold brigand throws a curare-tipped dart.
The curare-tipped dart hits you.
You are poisoned.
You have difficulty breathing.
* * * LOW HITPOINT WARNING * * *
You feel as though you will be slow longer.
The orc warrior hits you with a +0 war axe.
* * * LOW HITPOINT WARNING * * *
The orc warrior hits you with a +0 war axe!
You die...
Beogh appreciates the orc warrior's killing of a heretic priest. ............. ........... ......... ....... ..... .KK

###o### ##..@o.##
#...8...# #∩.....∩#
##.....## ####'''####
##≈.......≈##
#####≈≈.......≈≈#####
#....≈≈.......≈≈....#
#.###≈≈.......≈≈###.#


You could see 2 orc warriors and 2 kobold brigands.

Vanquished Creatures
  Grinder (D:3)
  Grum (D:9)
  An acid dragon (D:9)
  2 orc warriors
  A black bear (D:5)
  A sky beast (D:5)
  An ogre (D:5)
  4 wolves (D:9)
  A centaur (D:6)
  4 kobold brigands
  A wyvern zombie (D:5)
  A scorpion (D:5)
  A water moccasin zombie (D:5)
  3 water moccasin skeletons (D:5)
  2 howler monkeys (D:8)
  2 jellies (D:5)
  3 bullfrog zombies (D:5)
  3 centaur zombies (D:5)
  A centaur skeleton (D:5)
  2 hounds
  An iguana (D:5)
  Terence (D:3)
  A scorpion zombie (D:5)
  An orc wizard (D:4)
  A killer bee zombie (D:5)
  2 hound zombies (D:5)
  A howler monkey zombie (D:5)
  8 mummies (Ossuary)
  6 adders
  3 gnolls (D:5)
  A howler monkey skeleton (D:5)
  2 adder zombies (D:5)
  A worm (D:4)
  5 dart slugs (D:1)
  18 orcs
  3 bats
  5 endoplasms
  A giant cockroach (D:1)
  6 hobgoblins
  4 quokkas
  14 ball pythons
  A gnoll zombie (Ossuary)
  6 goblins
  3 hobgoblin zombies (Ossuary)
  21 kobolds
  3 kobold zombies (Ossuary)
  An orc zombie (Ossuary)
  6 rats
162 creatures vanquished.

Vanquished Creatures (collateral kills)
  2 kobolds (D:9)
2 creatures vanquished.

Vanquished Creatures (others)
  2 orc warriors (Bailey)
  2 kobold brigands
  An orc priest (D:9)
  An orc wizard (D:9)
  2 orcs (D:9)
  6 plants (D:3)
14 creatures vanquished.

Grand Total: 178 creatures vanquished

Notes
Turn   | Place    | Note
-------+----------+-------------------------------------------
     0 | D:1      | avis the Hill Orc Monk began the quest for the Orb.
     0 | D:1      | Reached XP level 1. HP: 19/19 MP: 1/1
   328 | D:1      | Reached XP level 2. HP: 17/26 MP: 2/2
   701 | D:1      | Found a faded altar of an unknown god.
   776 | D:1      | Reached XP level 3. HP: 33/33 MP: 3/3
  1724 | D:2      | Learned a level 2 spell: Blink
  2010 | D:2      | Reached skill level 5 in Fighting
  2315 | D:3      | Reached XP level 4. HP: 31/42 MP: 4/4
  2442 | D:3      | Found a transporter.
  2448 | D:3      | Noticed a gnoll sergeant
  2453 | D:3      | Noticed horus123's ghost (weakling DrIE)
  2473 | D:3      | Noticed Grinder
  3050 | D:3      | Noticed Terence
  3114 | D:3      | Gained mutation: You are resistant to electric shocks.
                  | (rElec) [potion of mutation]
  3114 | D:3      | Gained mutation: Your magical capacity is low. (-10% MP)
                  | [potion of mutation]
  3114 | D:3      | Gained mutation: You have sharp toenails. [potion of
                  | mutation]
  3114 | D:3      | Gained mutation: You have a pair of small horns on your
                  | head. [potion of mutation]
  3150 | D:3      | Reached skill level 5 in Unarmed Combat
  3324 | D:3      | Killed Terence
  3325 | D:3      | Reached XP level 5. HP: 48/48 MP: 4/4
  3338 | D:3      | Lost mutation: You are resistant to electric shocks.
                  | (rElec) [potion of mutation]
  3338 | D:3      | Lost mutation: Your magical capacity is low. (-10% MP)
                  | [potion of mutation]
  3338 | D:3      | Gained mutation: You have hidden genetic defects. [potion
                  | of mutation]
  3338 | D:3      | Gained mutation: Your magical capacity is low. (-10% MP)
                  | [potion of mutation]
  3338 | D:3      | Paralysed by Grinder for 4 turns
  3354 | D:3      | Killed Grinder
  3355 | D:3      | Reached XP level 6. HP: 17/57 MP: 5/5
  3356 | D:3      | Gained mutation: You are clumsy. (Dex -2) [hidden defects]
  3641 | D:3      | Found a transporter.
  4152 | D:4      | Gained mutation: You are weak. (Str -2) [hidden defects]
  4152 | D:4      | Lost mutation: You have hidden genetic defects. [hidden
                  | defects expressed]
  4183 | D:4      | Found an opulent altar of Gozag.
  4534 | D:4      | Reached skill level 1 in Translocations
  4534 | D:4      | Reached XP level 7. HP: 49/63 MP: 6/6
  4731 | D:4      | Identified the +4 leather armour "Taiv" {*Slow rElec rN+
                  | Regen+}
  4787 | D:4      | Found a staircase to the Ecumenical Temple.
  4796 | Temple   | Entered the Ecumenical Temple
  5329 | D:5      | Entered Level 5 of the Dungeon
  5499 | D:5      | Reached skill level 1 in Spellcasting
  5505 | D:5      | Learned a level 5 spell: Manifold Assault
  5838 | D:5      | Reached XP level 8. HP: 67/74 MP: 8/8
  6584 | D:6      | You fall into a shaft and drop 3 floors!
  6599 | D:9      | Reached XP level 9. HP: 40/84 MP: 9/9
  6921 | D:9      | Became a worshipper of Beogh the Brigand
  6921 | D:9      | Reached * piety under Beogh
  6921 | D:9      | Reached ** piety under Beogh
  6929 | D:9      | Noticed Grum
  6940 | D:9      | Killed Grum
  6941 | D:9      | Reached skill level 10 in Fighting
  7311 | D:8      | Found a sand-covered staircase.
  7315 | Ossuary  | Entered an ossuary
  7663 | D:8      | Found a flagged portal.
  7667 | D:8      | Noticed a gargoyle
  7670 | Bailey   | Entered a bailey
  7746 | Bailey   | Reached skill level 10 in Unarmed Combat
  7881 | Bailey   | Slain by an orc warrior

Illustrated notes

Levels and vault maps discovered:
D:1:      minmay_arrival_radiant_lines, layout_basic,
          nicolae_ecumenical_lake_church
D:2:      layout_loops_ring
D:3:      layout_loops_ring, gammafunk_ghost_gnarly_gnolls, fountainhead,
          kennysheep_generic_room_2, uniq_terence, uniq_grinder
D:4:      layout_cave_pods, nicolae_gozag_seed_capital, lemuel_temple_firewalk_b
D:5:      layout_basic, serial_undead, serial_undead_a, serial_undead_a,
          serial_undead_c, serial_undead_e, serial_undead_d, serial_undead_f,
          serial_undead_b, serial_undead_a
D:6:      layout_basic, nicolae_elevator_lobby_asterisk, uniq_maggie
D:8:      due_chaos_kobolds, layout_loops_ring, enter_bailey_2, enter_ossuary_5
D:9:      layout_stronghold, uniq_harold, uniq_grum
Temple:   nicolae_temple_the_god_donut
Bailey:   bailey_axe_3, bailey

Skill      XL: |  1  2  3  4  5  6  7  8  9 |
---------------+----------------------------+-----
Unarmed Combat | 4 5 6 7 8 10 | 10.1
Fighting       | 4 5 6 7 9 10 | 10.0
Translocations | 1 3 4 |  4.0
Spellcasting   | 1 |  1.0
Dodging        | 3 |  3.0
Stealth        | |  1.5

Action                   |  1- 3 |  4- 6 |  7- 9 || total
-------------------------+-------+-------+-------++-------
Melee: Unarmed           |   135 |   162 |   395 ||   692
       Punch             |     3 |     6 |    22 ||    31
       Headbutt          |       |    16 |    84 ||   100
 Fire: Hand crossbow     |       |       |    65 ||    65
 Cast: Blink             |       |     1 |       ||     1
Invok: Convert to Beogh  |       |       |     1 ||     1
Evoke: Wand              |       |     4 |     7 ||    11
  Use: Scroll            |       |     5 |     9 ||    14
       Potion            |       |     2 |     7 ||     9
 Stab: Sleeping          |     2 |     1 |     2 ||     5
       Distracted        |       |     1 |       ||     1
Armor: Robe              |     5 |    11 |       ||    16
       Leather armour    |    19 |     8 |   138 ||   165
       Ring mail         |       |     2 |       ||     2
Dodge: Dodged            |    64 |    78 |   224 ||   366

Table legend: (Time is in decaauts)
 A = Elapsed time spent in this place.
 B = Non-inter-level travel time spent in this place.
 C = Inter-level travel time spent in this place.
 D = Time resting spent in this place.
 E = Time spent auto-exploring this place.
 F = Levels seen in this place.
 G = Mean time per level.
                   A        B        C        D        E       F      G
               +--------+--------+--------+--------+--------+-----+--------+
         Total |   7862 |   7254 |    608 |   1533 |   2787 |  11 |  714.7 |
       Dungeon |   7088 |   6490 |    598 |   1508 |   2556 |   8 |  886.0 |
        Temple |    269 |    259 |     10 |      0 |    231 |   1 |  269.0 |
       Ossuary |    284 |    284 |      0 |      0 |      0 |   1 |  284.0 |
        Bailey |    219 |    219 |      0 |     25 |      0 |   1 |  219.0 |
               +--------+--------+--------+--------+--------+-----+--------+

Top non-repeatable levels by time:
     D:3: 1624 daAuts
     D:1: 1346 daAuts
     D:5: 1116 daAuts
     D:4: 1103 daAuts
     D:2: 1069 daAuts
     D:9: 665 daAuts
 Ossuary: 284 daAuts
  Temple: 269 daAuts
  Bailey: 219 daAuts
     D:8: 142 daAuts
     D:6: 19 daAuts
